 Dungeon Crawl Stone Soup version 0.22-a0-362-g535178c (webtiles) character file.

62 Amnesiac the Grave Robber (level 3, -3/26 HPs)
             Began as a Mummy Necromancer on Apr 19, 2018.
             Slain by a worker ant (7 damage)
             ... on level 4 of the Dungeon.
             The game lasted 00:01:56 (937 turns).

Amnesiac the Grave Robber (Mummy Necromancer)        Turns: 937, Time: 00:01:56

Health: -3/26      AC:  2    Str: 11    XL:     3   Next: 85%
Magic:  0/7        EV: 13    Int: 15    God:
Gold:   115        SH:  0    Dex: 12    Spells: 7/8 levels left

rFire    x . .     SeeInvis .   b - +0 hunting sling
rCold    + . .     Gourm    .   (no shield)
rNeg     + + +     Faith    .   a - +0 robe
rPois    ∞         Spirit   +   (no helmet)
rElec    .         Reflect  .   g - scarf {Spirit}
rCorr    .         Harm     .   (no gloves)
MR       .....                  (no boots)
Stlth    ++........             (no amulet)
HPRegen  0.08/turn              (no ring)
MPRegen  0.10/turn              (no ring)

@: no status effects
A: no food or potions, fire vulnerability, cold resistance 1, negative energy
resistance 3, torment resistance, unbreathing
a: no special abilities


You were on level 4 of the Dungeon.
You were not hungry.

You visited 1 branch of the dungeon, and saw 5 of its levels.

You collected 115 gold pieces.

Inventory:

Hand Weapons
 b - a +0 hunting sling (weapon)
 c - a +1 hand axe of freezing
Missiles
 e - 5 stones
 i - 22 sling bullets (quivered)
Armour
 a - a +0 robe (worn)
 g - a scarf of spirit shield (worn)
Scrolls
 d - 2 scrolls of remove curse {!r, unknown}
 f - 2 scrolls of identify {!r, unknown}
 h - a scroll of teleportation {!r, unknown}
 j - a scroll of blinking {!r, unknown}


   Skills:
 + Level 1.4 Fighting
 * Level 2.6 Dodging
 - Level 1.5 Stealth
 - Level 3.0 Spellcasting
 + Level 4.3 Necromancy


You had 7 spell levels left.
You knew the following spells:

 Your Spells              Type           Power        Failure   Level  Hunger
a - Pain                  Necr           ###.         3%          1    N/A

Dungeon Overview and Level Annotations

Branches:
Dungeon (5/15)
 Temple: D:4-7

Altars:


Innate Abilities, Weirdness & Mutations

You do not eat or drink.
Your flesh is vulnerable to fire.
You are immune to poison.
Your flesh is cold resistant. (rC+)
You are immune to negative energy. (rN+++)
You are immune to unholy pain and torment.
You can survive without breathing.


Message History

Press: ? - help, Shift-Dir - straight line, f/p - howler monkey
Aim: a howler monkey (heavily wounded)
You shoot a sling bullet.
The sling bullet barely misses the howler monkey.
The sling bullet hits the worker ant.
The worker ant is lightly wounded.
The howler monkey hits you.
* * * LOW HITPOINT WARNING * * *
The howler monkey hits you.
* * * LOW HITPOINT WARNING * * *
Unknown command.
Firing (i - inventory. (/) - cycle)
i - 27 sling bullets (quivered)
Press: ? - help, Shift-Dir - straight line, f/p - howler monkey
Aim: a howler monkey (heavily wounded)
You shoot a sling bullet.
The sling bullet closely misses the howler monkey.
The sling bullet hits the worker ant.
The worker ant is moderately wounded.
The howler monkey barely misses you.
Unknown command.
Okay, then.
Firing (i - inventory. (/) - cycle)
i - 26 sling bullets (quivered)
Press: ? - help, Shift-Dir - straight line, f/p - howler monkey
Aim: a howler monkey (heavily wounded)
You shoot a sling bullet.
The sling bullet hits the howler monkey.
The howler monkey is severely wounded.
The howler monkey misses you.
The howler monkey hoots and howls with incredible vigour!
You hear a shout! x2
Unknown command.
Casting: Pain (safe; 3% risk of failure)
Confirm with . or Enter, or press ? or * to list all spells.
Aiming: Pain (safe; 3% risk of failure)
Press: ? - help, Shift-Dir - straight line, f/p - howler monkey
Aim: a howler monkey (severely wounded, catching its breath, chance to defeat MR: 77%)
The howler monkey barely resists.
The howler monkey barely misses you.
Unknown command.
Firing (i - inventory. (/) - cycle)
i - 25 sling bullets (quivered)
Press: ? - help, Shift-Dir - straight line, f/p - howler monkey
Aim: a howler monkey (severely wounded, catching its breath)
You shoot a sling bullet.
The sling bullet hits the howler monkey.
The howler monkey is almost dead.
The howler monkey barely misses you.
Unknown command.
Firing (i - inventory. (/) - cycle)
i - 24 sling bullets (quivered)
Press: ? - help, Shift-Dir - straight line, f/p - howler monkey
Aim: a howler monkey (almost dead, catching its breath)
You shoot a sling bullet.
The sling bullet hits the howler monkey.
You kill the howler monkey!
Your Fighting skill increases to level 1!
You have reached level 3!
Your experience leads to an increase in your attributes!
Increase (S)trength, (I)ntelligence, or (D)exterity?
You feel clever.
Firing (i - inventory. (/) - cycle)
i - 23 sling bullets (quivered)
Press: ? - help, Shift-Dir - straight line, f - worker ant
Aim: a worker ant (moderately wounded)
You shoot a sling bullet. The sling bullet hits the worker ant.
The worker ant is heavily wounded.
The worker ant bites you!
You die...

# ###### #.
#....#
#.###....####
...#
#...........
....
#.........###
..#
#.#...........#
#...........#.#
#..>..# #@#
###.....# #a#
.........###(#
......)...a...#
.......#.###..#
#####.....
...... #
#####.###......
. .. #....... .
#. #.......


You could see a worker ant.

Vanquished Creatures
  A howler monkey (D:4)
  2 leopard geckos (D:1)
  6 goblins
  4 hobgoblins
  2 bats
  2 frilled lizards
  2 kobolds (D:1)
  3 rats
22 creatures vanquished.

Notes
Turn   | Place    | Note
-------+----------+-------------------------------------------
     0 | D:1      | Amnesiac the Mummy Necromancer began the quest for the Orb.
     0 | D:1      | Reached XP level 1. HP: 13/13 MP: 4/4
   205 | D:1      | Reached XP level 2. HP: 20/20 MP: 1/5
   909 | D:5      | Entered Level 5 of the Dungeon
   910 | D:5      | Noticed an ogre
   914 | D:4      | Noticed a howler monkey
   936 | D:4      | Killed a howler monkey
   936 | D:4      | Reached skill level 1 in Fighting
   936 | D:4      | Reached XP level 3. HP: 4/26 MP: 0/7
   937 | D:4      | Slain by a worker ant

Vault maps used:
D:1:      lightli_arrival_quake
D:2:      led_sif_pool, lemuel_zombie_altar_kikubaaqudgha, uniq_terence
D:3:      first_ration, dk_noncrumbling_4
D:4:      wad_woods_tower, lemuel_crystal_altar
D:5:      yredelemnul_forgotten_temple_becter, lemuel_round_altar,
          minmay_temple_entry_fiery

Skill      XL: |  1  2 |
---------------+-------+-----
Dodging        | 2 |  2.6
Spellcasting   | 3 |  3.0
Fighting       | 1 |  1.4
Stealth        | |  1.5
Necromancy     | |  4.3

Action                   || total
-------------------------++-------
 Fire: Hunting sling     ||     7
 Cast: Pain              ||    44
Dodge: Dodged            ||    15

Table legend:
 A = Spawn XP
 B = Non-spawn XP
 C = Spawn XP percentage of total XP
 D = Spawn monster count
 E = Non-spawn monster count
 F = Spawn count percentage of total count
 G = Total turns spent on level
                    A         B        C        D         E        F      G
               +---------+---------+-------+---------+---------+-------+---------
         Total |       0 |      89 |   0.0 |       0 |      22 |   0.0 |   937
               +---------+---------+-------+---------+---------+-------+---------
           D:1 |       0 |      26 |   0.0 |       0 |      15 |   0.0 |   556
           D:2 |       0 |       2 |   0.0 |       0 |       1 |   0.0 |    75
           D:3 |       0 |       6 |   0.0 |       0 |       5 |   0.0 |   143
           D:4 |       0 |      55 |   0.0 |       0 |       1 |   0.0 |   158
               +---------+---------+-------+---------+---------+-------+---------
